 Dungeon Crawl Stone Soup version 0.23-a0-293-g65bf2d1 (webtiles) character file.

1380 HarryHood the Basher (level 8, -1/52 HPs)
             Began as a Gargoyle Fighter on Oct 4, 2018.
             Slain by an ogre
             ... wielding a +0 giant spiked club
              (21 damage)
             ... on level 5 of the Dungeon.
             The game lasted 00:24:36 (3548 turns).

HarryHood the Basher (Gargoyle Fighter)             Turns: 3548, Time: 00:24:37

Health: -1/52      AC: 15    Str: 20    XL:     8   Next: 66%
Magic:  8/8        EV:  7    Int: 10    God:
Gold:   178        SH:  9    Dex: 10    Spells: 7/7 levels left

rFire    + . .     SeeInvis .   a - +0 flail
rCold    . . .     Gourm    .   c - +0 shield
rNeg     + . .     Faith    .   n - +0 scale mail
rPois    ∞         Spirit   .   p - +0 helmet
rElec    +         Reflect  .   (no cloak)
rCorr    +         Harm     .   h - +0 pair of gloves
MR       .....                  (no boots)
Stlth    ..........             y - amulet of regeneration {@e1}
HPRegen  0.57/turn              q - ring of protection from fire
MPRegen  0.11/turn              k - ring of resist corrosion

@: no status effects
A: negative energy resistance 1, electricity resistance, unbreathing,
petrification resistance, rot immunity, AC +5
a: no special abilities


You were on level 5 of the Dungeon.
You were not hungry.

You visited 1 branch of the dungeon, and saw 5 of its levels.
You also visited: Ossuary.

You collected 178 gold pieces.

Inventory:

Hand Weapons
 a - a +0 flail (weapon)
 b - a +0 hunting sling
Missiles
 f - 115 stones (quivered)
 w - 17 sling bullets
Armour
 c - a +0 shield (worn)
 h - a +0 pair of gloves (worn)
 n - a +0 scale mail (worn)
 p - a +0 helmet (worn)
Jewellery
 k - a ring of resist corrosion (right hand)
 q - a ring of protection from fire (left hand)
 y - an amulet of regeneration (around neck) {@e1}
Scrolls
 r - 2 scrolls of identify
 s - 2 scrolls of teleportation {@r0}
 t - 3 scrolls of remove curse {@r1}
 u - a scroll of fear
 x - a scroll of fog {unknown}
Potions
 d - 2 potions of might
 i - 2 potions of resistance
 j - 3 potions of curing {@q2}
 l - a potion of lignification {unknown}
 m - a potion of brilliance
 o - 2 potions of flight
 v - 2 potions of haste
Comestibles
 e - 14 rations {@e1}
 g - 5 chunks of flesh


   Skills:
 + Level 6.4 Fighting
 - Level 9.0 Maces & Flails
 * Level 4.2 Armour
 - Level 3.2 Shields


You had 7 spell levels left.
You didn't know any spells.
Your spell library contained the following spells:

 Spells                   Type           Power        Failure   Level  Hunger
 Beastly Appendage        Tmut           #.....       99%         1    ##.....
 Sticks to Snakes         Tmut           #.......     100%        2    ###....
 Spider Form              Tmut/Pois      #.........   100%        3    ####...
 Ice Form                 Ice/Tmut       #.......     100%        4    #####..
 Blade Hands              Tmut           #.........   100%        5    ######.


Dungeon Overview and Level Annotations

Branches:
Dungeon (5/15)
 Temple: D:4-7

Altars:
Zin


Innate Abilities, Weirdness & Mutations

You are resistant to torment.
Your stone body is resilient. (AC +5)
You are immune to poison.
You resist negative energy. (rN+)
You are resistant to electric shocks. (rElec)
You can survive without breathing.
You are immune to petrification.
You are immune to rotting.


Message History

An ogre comes into view. It is wielding a giant spiked club.
The ogre shouts!
You sock the hound skeleton!
The hound skeleton closely misses you. x2
You sock the hound skeleton!
You destroy the hound skeleton!
The ogre hits you with a giant spiked club!
You take 12 damage, and have 40/52 hp.
MASSIVE DAMAGE!!
You hit the ogre.
A giant cockroach comes into view.
The ogre barely misses you.
Your shield and scale mail prevent you from hitting the ogre.
The ogre hits you with a giant spiked club!!
You take 24 damage, and have 17/52 hp.
MASSIVE DAMAGE!!
You barely miss the ogre. You hit the ogre. The ogre barely misses you.
You barely miss the ogre. You block the ogre's attack.
You hit the ogre.
The giant cockroach bites you but does no damage.
The ogre hits you with a giant spiked club!!
You die...

#........#.#####.##
#.###.##......##..# #.
#..#.#....##..## ##
#.▒▒▒▒'▒▒▒▒##......# ..
#.▒⌠⌠⌠.⌠⌠⌠▒.....[#.#
.###.#.▒⌠.....⌠▒##...##.#
.......▒⌠.▒▒▒.⌠▒##...##.#
#.'s.⌠▒⌠..'.....##..
#.▒O@▒▒▒.⌠▒....####.
#.▒⌠.....⌠▒....# ..
#.▒⌠⌠⌠.⌠⌠⌠▒....# #.
#.▒▒▒▒'▒▒▒▒##### #. ..#
#. #### #.


You could see an ogre and a giant cockroach.

Vanquished Creatures
  Sigmund (D:2)
  4 elf zombies (Ossuary)
  A scorpion (D:5)
  A howler monkey (D:4)
  4 centaur zombies (Ossuary)
  4 human zombies (Ossuary)
  2 hounds
  A jelly (D:5)
  3 orc priests
  An orc wizard (D:3)
  Jessica (D:3)
  6 worker ants
  A hound skeleton (D:5)
  3 mummies (Ossuary)
  4 gnolls (D:2)
  3 adders
  A shadow imp (D:5)
  2 worms
  5 dart slugs
  4 leopard geckos
  10 orcs
  A ball python (D:2)
  5 giant cockroaches
  10 goblins
  5 hobgoblins
  4 kobolds
  4 quokkas
  9 bats
  14 frilled lizards
  10 rats
124 creatures vanquished.

Notes
Turn   | Place    | Note
-------+----------+-------------------------------------------
     0 | D:1      | HarryHood the Gargoyle Fighter began the quest for the Orb.
     0 | D:1      | Reached XP level 1. HP: 14/14 MP: 1/1
    86 | D:1      | Reached XP level 2. HP: 19/19 MP: 2/2
   143 | D:1      | Reached skill level 3 in Maces & Flails
   344 | D:1      | Reached XP level 3. HP: 23/23 MP: 3/3
   786 | D:2      | Reached skill level 4 in Maces & Flails
   891 | D:2      | Reached XP level 4. HP: 28/28 MP: 4/4
   993 | D:2      | Found a glowing silver altar of Zin.
  1155 | D:2      | Reached skill level 5 in Maces & Flails
  1155 | D:2      | Reached XP level 5. HP: 20/32 MP: 5/5
  1471 | D:2      | Noticed Sigmund
  1505 | D:2      | Killed Sigmund
  1505 | D:2      | Reached skill level 6 in Maces & Flails
  1505 | D:2      | Reached XP level 6. HP: 11/37 MP: 6/6
  2139 | D:3      | Noticed Jessica
  2151 | D:3      | Killed Jessica
  2290 | D:4      | Reached skill level 4 in Fighting
  2296 | D:4      | Found a sand-covered staircase.
  2308 | Ossuary  | Entered an ossuary
  2370 | Ossuary  | Reached XP level 7. HP: 38/44 MP: 7/7
  2378 | Ossuary  | Reached skill level 5 in Fighting
  2531 | Ossuary  | Reached skill level 6 in Fighting
  2579 | Ossuary  | Reached skill level 7 in Maces & Flails
  2625 | Ossuary  | Reached XP level 8. HP: 47/51 MP: 8/8
  2660 | Ossuary  | Reached skill level 8 in Maces & Flails
  3227 | D:5      | Entered Level 5 of the Dungeon
  3256 | D:5      | Reached skill level 9 in Maces & Flails
  3463 | D:5      | Reached skill level 4 in Armour
  3548 | D:5      | Slain by an ogre

Vault maps used:
D:1:      dpeg_arrival_leaves_temple_mockup
D:2:      zin_academy, minmay_lizard_king, uniq_sigmund
D:3:      first_ration, uniq_jessica
D:4:      enter_ossuary_1
D:5:      kennysheep_generic_room_11
Ossuary:  ossuary_minmay_four_chambers

Skill      XL: |  1  2  3  4  5  6  7  8 |
---------------+-------------------------+-----
Maces & Flails | 3 4 5 6 7 9 |  9.0
Fighting       | 4 6 |  6.4
Armour         | 4 |  4.2
Shields        | |  3.2

Action                   |  1- 3 |  4- 6 |  7- 9 || total
-------------------------+-------+-------+-------++-------
Melee: Flail             |   120 |   205 |   284 ||   609
  Use: Scroll            |     2 |     5 |     5 ||    12
       Potion            |       |     1 |       ||     1
  Eat: Chunk             |       |     5 |     5 ||    10
Armor: Scale mail        |    55 |    79 |   120 ||   254
Dodge: Dodged            |    39 |    47 |    64 ||   150
Block: Shield            |    64 |    86 |    91 ||   241

Table legend:
 A = Non-vault XP
 B = Vault XP
 C = Vault XP percentage of total XP
 D = Non-vault monster count
 E = Vault monster count
 F = Vault count percentage of total count
                 A         B        C        D         E       F
            +---------+---------+-------+---------+---------+-------
      Total |     908 |    1064 |  54.0 |      99 |      25 |  20.2
            +---------+---------+-------+---------+---------+-------
        D:1 |      45 |       0 |   0.0 |      24 |       0 |   0.0
        D:2 |     134 |     237 |  63.9 |      31 |       9 |  22.5
        D:3 |     121 |      37 |  23.4 |      20 |       1 |   4.8
        D:4 |     296 |       0 |   0.0 |      12 |       0 |   0.0
        D:5 |     312 |       0 |   0.0 |      12 |       0 |   0.0
    Ossuary |       0 |     790 | 100.0 |       0 |      15 | 100.0
            +---------+---------+-------+---------+---------+-------
